 Dungeon Crawl Stone Soup version 0.26-a0-1079-g3a4175ecf3 (webtiles) character file.

Game seed: 4252618648920300104

30 KristoblXynda the Slasher (level 3, -5/30 HPs)
             Began as a Draconian Gladiator on Dec 14, 2020.
             Slain by Sigmund
             ... wielding a +0 scythe
              (9 damage)
             ... on level 2 of the Dungeon.
             The game lasted 00:01:30 (1014 turns).

KristoblXynda the Slasher (Draconian Gladiator)     Turns: 1014, Time: 00:01:31

Health: -5/30      AC:  5    Str: 16    XL:     3   Next: 3%
Magic:  3/3        EV: 13    Int:  9    God:
Gold:   63         SH:  0    Dex: 12    Spells: 2/2 levels left

rFire    . . .     SeeInvis .   a - +0 long sword
rCold    . . .     Faith    .   (no shield)
rNeg     . . .     Spirit   .   (armour unavailable)
rPois    .         Reflect  .   b - +0 hat
rElec    .         Harm     .   (no cloak)
rCorr    .         Rampage  .   (no gloves)
Will     .....                  (no boots)
Stlth    +.........             (no amulet)
HPRegen  0.10/turn              (no ring)
MPRegen  0.08/turn              (no ring)

@: no status effects
A: unfitting armour, cold-blooded, AC +5
a: no special abilities


You were on level 2 of the Dungeon.
You visited 1 branch of the dungeon, and saw 2 of its levels.

You collected 63 gold pieces.

Inventory:

Hand Weapons
 a - a +0 long sword (weapon)
Missiles
 c - 3 throwing nets (quivered)
Armour
 b - a +0 hat (worn)
Scrolls
 d - a scroll of teleportation
 f - a scroll of identify {unknown}
 g - a scroll of fear
 i - a scroll of fog {unknown}


   Skills:
 + Level 2.7 Fighting
 * Level 3.4 Long Blades
 - Level 2.0 Throwing
 + Level 3.0 Dodging


You had 2 spell levels left.
You didn't know any spells.
Your spell library was empty.

Dungeon Overview and Level Annotations

Branches:
Dungeon (2/15)

Altars:

Annotations:
D:2 Sigmund


Innate Abilities, Weirdness & Mutations

Your plain brown scales are hard. (AC +5)
You cannot fit into any form of body armour.
You are cold-blooded and may be slowed by cold attacks.


Message History

A magic dart appears from out of thin air!
The magic dart hits you.
* * * LOW HITPOINT WARNING * * *
Something hits you but does no damage.
You miss something. You miss something. Something hits you but does no damage.
You barely miss something. Something hits you.
* * * LOW HITPOINT WARNING * * *
It was a potion of flight.
Your roots keep you in place.
You hear some strange, mumbled words.
Something tries to affect you, but you resist.
Unknown command.
It was a potion of cancellation.
Your magical effects are unravelling.
You feel magically purged.
You feel less wooden.
Your +0 hat unmelds from your body.
You feel a little less mighty now.
Your resistance to elements expires.
Something hits you!
You die...

##############
#............#
#.##########.# #.#
##### #.# #.# #...
#.# ##.###.####.#
#.# ........<@{..#
#.#
#######.####.###.#.#
#.# ##.....#.# #.#
#....###.# #.#
#.##.# #.# #.#
#.##@###.#
#.[..#.......#
#####.##.##### #.
#.#


There were no monsters in sight!

Vanquished Creatures
  An adder (D:2)
  2 dart slugs
  A leopard gecko (D:1)
  A bat (D:1)
  A giant cockroach (D:1)
  4 goblins (D:1)
  A ball python (D:1)
  A kobold (D:1)
  5 rats (D:1)
17 creatures vanquished.

Notes
Turn   | Place    | Note
-------+----------+-------------------------------------------
     0 | D:1      | KristoblXynda the Draconian Gladiator began the quest for
                  | the Orb.
     0 | D:1      | Reached XP level 1. HP: 17/17 MP: 1/1
   270 | D:1      | Reached XP level 2. HP: 23/25 MP: 2/2
   842 | D:2      | Noticed Sigmund
   874 | D:2      | Reached XP level 3. HP: 25/30 MP: 3/3
  1014 | D:2      | Slain by Sigmund

Illustrated notes

Levels and vault maps discovered:
D:1:      nzn_arrival_depleted_hourglass, layout_rooms
D:2:      layout_loops_ring, okawaru_gym_becter, serial_undead, serial_undead_b,
          serial_undead_b, serial_undead_e, serial_undead_f, uniq_sigmund

Skill      XL: |  1  2 |
---------------+-------+-----
Throwing       | 2 |  2.0
Dodging        | 3 |  3.0
Fighting       | |  2.7
Long Blades    | |  3.4

Action                   || total
-------------------------++-------
Melee: Long sword        ||    49
       Tailslap          ||     5
  Use: Potion            ||     5
       Scroll            ||     2
Armor: Skin              ||    14
Dodge: Dodged            ||    30
       Rpst.: Long sword ||     8

Table legend: (Time is in decaauts)
 A = Elapsed time spent in this place.
 B = Non-inter-level travel time spent in this place.
 C = Inter-level travel time spent in this place.
 D = Time resting spent in this place.
 E = Time spent auto-exploring this place.
 F = Levels seen in this place.
 G = Mean time per level.
                   A        B        C        D        E       F      G
               +--------+--------+--------+--------+--------+-----+--------+
         Total |   1026 |    983 |     43 |     96 |    665 |   2 |  513.0 |
       Dungeon |   1026 |    983 |     43 |     96 |    665 |   2 |  513.0 |
               +--------+--------+--------+--------+--------+-----+--------+

Top non-repeatable levels by time:
     D:1: 808 daAuts
     D:2: 217 daAuts
